| TOP OF THE 1ST |
|
Columbia Fireflies batting - Pitching for Altoona Curve : RHP Kyle Davis
|
|
Pitching: RHP Kyle Davis
|
|
|
Batting: SHB Detlef Oursler
|
0-0: Ball 1-0: Swinging Strike 1-1: Foul Ball, location: 2F 1-2: Strikes out swinging
|
|
Batting: LHB Jamel Alexander
|
0-0: Ball 1-0: Swinging Strike 1-1: Ball 2-1: Ball 3-1: Swinging Strike 3-2: Foul Ball, location: 2F 3-2: Foul Ball, location: 2F 3-2: DOUBLE (Groundball, 3L, EV 103.8 MPH)
|
|
Batting: LHB Bayesa Mundhir
|
0-0: Ball 1-0: Ball 2-0: Ground out 4-3 (Groundball, 4, EV 111.9 MPH) Jamel Alexander to third
|
|
Batting: LHB Tony Leyba
|
0-0: Called Strike 0-1: Foul Ball, location: 2F 0-2: Ball 1-2: Foul Ball, location: 2F 1-2: SINGLE (Groundball, 5D, EV 98.1 MPH) Jamel Alexander scores
|
|
Batting: LHB Dan Bremseth
|
0-0: Ball 1-0: Foul Ball, location: 2F 1-1: Fielders Choice at 2nd, 6-4 (Groundball, 6, EV 103.8 MPH)
|
| Top of the 1st over - 1 run, 2 hits, 0 errors, 1 left on base; Columbia 1 - Altoona 0 |
| BOTTOM OF THE 1ST |
|
Altoona Curve batting - Pitching for Columbia Fireflies : RHP Bryan Dorne
|
|
Pitching: RHP Bryan Dorne
|
|
|
Batting: RHB Terrence Wilson
|
0-0: Called Strike 0-1: Foul Ball, location: 2F 0-2: Strikes out looking
|
|
Batting: LHB Josh Aerni
|
0-0: Called Strike 0-1: Called Strike 0-2: Ball 1-2: Foul Ball, location: 2F 1-2: Foul Ball, location: 2F 1-2: Strikes out looking
|
|
Batting: RHB Brandon White
|
0-0: Ball 1-0: Called Strike 1-1: Swinging Strike 1-2: Ball 2-2: Strikes out swinging
|
| Bottom of the 1st over - 0 runs, 0 hits, 0 errors, 0 left on base; Columbia 1 - Altoona 0 |
| TOP OF THE 2ND |
|
Columbia Fireflies batting - Pitching for Altoona Curve : RHP Kyle Davis
|
|
Batting: RHB Larry Shoop
|
0-0: Ball 1-0: Ground out 4-3 (Groundball, 4, EV 85.6 MPH)
|
|
Batting: SHB Jerry Burrows
|
0-0: Ball 1-0: Called Strike 1-1: Called Strike 1-2: Strikes out swinging
|
|
Batting: LHB Zane Kelton
|
0-0: Ball 1-0: Ball 2-0: Ball 3-0: Called Strike 3-1: Foul Ball, location: 2F 3-2: Base on Balls
|
|
Batting: RHB David Reyna
|
0-0: Ball 1-0: Called Strike 1-1: Ball 2-1: Fly out, F7 (Flyball, 7, EV 88.8 MPH)
|
| Top of the 2nd over - 0 runs, 0 hits, 0 errors, 1 left on base; Columbia 1 - Altoona 0 |
| BOTTOM OF THE 2ND |
|
Altoona Curve batting - Pitching for Columbia Fireflies : RHP Bryan Dorne
|
|
Batting: LHB Joe Wise
|
0-0: Ball 1-0: Called Strike 1-1: Ground out 6-3 (Groundball, 6, EV 96.9 MPH)
|
|
Batting: LHB Carlos Vega
|
0-0: Ground out 6-3 (Groundball, 6MD, EV 82.5 MPH)
|
|
Batting: LHB Mike Handrahan
|
0-0: Ball 1-0: Foul Ball, location: 2F 1-1: Swinging Strike 1-2: Hit by Pitch
|
|
Batting: RHB Steve Terres
|
0-0: Ball 1-0: Ball 2-0: Swinging Strike 2-1: Swinging Strike 2-2: Strikes out swinging, 2-3 out at first.
|
| Bottom of the 2nd over - 0 runs, 0 hits, 0 errors, 1 left on base; Columbia 1 - Altoona 0 |
| TOP OF THE 3RD |
|
Columbia Fireflies batting - Pitching for Altoona Curve : RHP Kyle Davis
|
|
Batting: SHB Detlef Oursler
|
0-0: Called Strike 0-1: Called Strike 0-2: Foul Ball, location: 2F 0-2: Ball 1-2: Strikes out looking
|
|
Batting: LHB Jamel Alexander
|
0-0: Swinging Strike 0-1: Called Strike 0-2: Ball 1-2: Strikes out swinging
|
|
Batting: LHB Bayesa Mundhir
|
0-0: Ball 1-0: Called Strike 1-1: Foul Ball, location: 2F 1-2: Ball 2-2: Ball 3-2: Foul Ball, location: 2F 3-2: Ground out U3 (Groundball, 34, EV 84.4 MPH)
|
| Top of the 3rd over - 0 runs, 0 hits, 0 errors, 0 left on base; Columbia 1 - Altoona 0 |
| BOTTOM OF THE 3RD |
|
Altoona Curve batting - Pitching for Columbia Fireflies : RHP Bryan Dorne
|
|
Batting: RHB Alex Arzate
|
0-0: Called Strike 0-1: Ball 1-1: Foul Ball, location: 2F 1-2: DOUBLE (Flyball, 7LD, EV 95.6 MPH)
|
|
Batting: RHB Chris McCoy
|
0-0: SINGLE (Line Drive, 4D, EV 94.4 MPH) Alex Arzate to third
|
|
Batting: RHB Terrence Wilson
|
0-0: Called Strike 0-1: Hit by Pitch Chris McCoy to second
|
|
Batting: LHB Josh Aerni
|
0-0: Called Strike 0-1: Ball 1-1: Ball 2-1: Grounds into double play, 4-6-3 (Groundball, 4S, EV 82.5 MPH) Alex Arzate scores Chris McCoy to third
|
|
Batting: RHB Brandon White
|
0-0: Called Strike 0-1: Called Strike 0-2: Ground out 6-3 (Groundball, 6M, EV 84.4 MPH)
|
| Bottom of the 3rd over - 1 run, 2 hits, 0 errors, 1 left on base; Columbia 1 - Altoona 1 |
| TOP OF THE 4TH |
|
Columbia Fireflies batting - Pitching for Altoona Curve : RHP Kyle Davis
|
|
Batting: LHB Tony Leyba
|
0-0: Ball 1-0: Ball 2-0: Called Strike 2-1: Ball 3-1: Called Strike 3-2: Ground out 3-1 (Groundball, 34, EV 85.6 MPH)
|
|
Batting: LHB Dan Bremseth
|
0-0: Called Strike 0-1: Foul Ball, location: 2F 0-2: Strikes out swinging
|
|
Batting: RHB Larry Shoop
|
0-0: Called Strike 0-1: Ball 1-1: Foul Ball, location: 2F 1-2: Ball 2-2: Strikes out swinging
|
| Top of the 4th over - 0 runs, 0 hits, 0 errors, 0 left on base; Columbia 1 - Altoona 1 |
| BOTTOM OF THE 4TH |
|
Altoona Curve batting - Pitching for Columbia Fireflies : RHP Bryan Dorne
|
|
Batting: LHB Joe Wise
|
0-0: Ball 1-0: Ball 2-0: Called Strike 2-1: Swinging Strike 2-2: Ball 3-2: Foul Ball, location: 2F 3-2: Base on Balls
|
|
Batting: LHB Carlos Vega
|
0-0: Fly out, F8 (Flyball, 8RXD, EV 93.1 MPH)
|
|
Batting: LHB Mike Handrahan
|
0-0: Ball Joe Wise is caught stealing 2nd base 2-6 1-0: Ball 2-0: Ball 3-0: Called Strike 3-1: Foul Ball, location: 2F 3-2: SOLO HOME RUN (Line Drive, 9D, EV 108.8 MPH), Distance : 404 ft
|
|
Batting: RHB Steve Terres
|
0-0: Ball 1-0: Ground out 6-3 (Groundball, 6MD, EV 98.8 MPH)
|
| Bottom of the 4th over - 1 run, 1 hit, 0 errors, 0 left on base; Columbia 1 - Altoona 2 |
| TOP OF THE 5TH |
|
Columbia Fireflies batting - Pitching for Altoona Curve : RHP Kyle Davis
|
|
Batting: SHB Jerry Burrows
|
0-0: Ball 1-0: Called Strike 1-1: SINGLE (Line Drive, 8LS, EV 99.4 MPH)
|
|
Batting: LHB Zane Kelton
|
0-0: Ball 1-0: Foul Ball, location: 2F 1-1: Ball 2-1: Ball 3-1: Foul Ball, location: 2F 3-2: Foul Ball, location: 2F 3-2: Strikes out looking
|
|
Batting: RHB David Reyna
|
0-0: Foul Ball, location: 2F 0-1: Foul Ball, location: 2F 0-2: Foul Ball, location: 2F 0-2: Strikes out looking
|
|
Batting: SHB Detlef Oursler
|
0-0: Ball 1-0: Ball 2-0: Swinging Strike 2-1: Ball 3-1: SINGLE (Line Drive, 4D, EV 96.2 MPH) Jerry Burrows to second
|
|
Batting: LHB Jamel Alexander
|
0-0: Ground out 4-3 (Groundball, 34, EV 83.1 MPH)
|
| Top of the 5th over - 0 runs, 2 hits, 0 errors, 2 left on base; Columbia 1 - Altoona 2 |
| BOTTOM OF THE 5TH |
|
Altoona Curve batting - Pitching for Columbia Fireflies : RHP Bryan Dorne
|
|
Batting: RHB Alex Arzate
|
0-0: Ground out 6-3 (Groundball, 6, EV 105.6 MPH)
|
|
Batting: RHB Chris McCoy
|
0-0: Reached on error, E6 (Groundball, 6, EV 83.1 MPH)
|
|
Batting: RHB Terrence Wilson
|
0-0: Ball 1-0: Foul Ball, location: 2F 1-1: Ball 2-1: Swinging Strike 2-2: Foul Ball, location: 2F 2-2: Fly out, F9 (Flyball, 9, EV 93.8 MPH)
|
|
Batting: LHB Josh Aerni
|
0-0: Called Strike Chris McCoy steals 2nd base 0-1: Ball 1-1: Called Strike 1-2: Ball 2-2: Foul Ball, location: 2F 2-2: Ball 3-2: Fly out, F9 (Line Drive, 9, EV 98.8 MPH)
|
| Bottom of the 5th over - 0 runs, 0 hits, 1 error, 1 left on base; Columbia 1 - Altoona 2 |
| TOP OF THE 6TH |
|
Columbia Fireflies batting - Pitching for Altoona Curve : RHP Kyle Davis
|
|
Batting: LHB Bayesa Mundhir
|
0-0: Ground out 4-3 (Groundball, 34, EV 91.2 MPH)
|
|
Batting: LHB Tony Leyba
|
0-0: Ball 1-0: Ball 2-0: Ball 3-0: Called Strike 3-1: Base on Balls
|
|
Batting: LHB Dan Bremseth
|
0-0: Ball 1-0: Ball Tony Leyba steals 2nd, throwing error, E2 Tony Leyba to third 2-0: Called Strike 2-1: Called Strike 2-2: Strikes out swinging
|
|
Pitching: RHP Fred McIlrath
|
|
|
Pinch Hitting: LHB Miguel Ramos
|
0-0: SINGLE (Groundball, 6MD, EV 103.1 MPH) Tony Leyba scores
|
|
Batting: SHB Jerry Burrows
|
0-0: Ball 1-0: Foul Ball, location: 2F 1-1: Foul Ball, location: 2F 1-2: Ball 2-2: Foul Ball, location: 2F 2-2: Strikes out looking
|
| Top of the 6th over - 1 run, 1 hit, 1 error, 1 left on base; Columbia 2 - Altoona 2 |
| BOTTOM OF THE 6TH |
|
Altoona Curve batting - Pitching for Columbia Fireflies : RHP Bryan Dorne
|
|
Now in RF: Jason Evans
|
|
|
Batting: RHB Brandon White
|
0-0: Ball 1-0: Ball 2-0: Ball 3-0: Called Strike 3-1: Base on Balls
|
|
Batting: LHB Joe Wise
|
0-0: Called Strike 0-1: Ball 1-1: Fielders Choice at 2nd, 4-6 (Groundball, 4, EV 91.9 MPH)
|
|
Batting: LHB Carlos Vega
|
0-0: Called Strike 0-1: Ball 1-1: Reached on error, E4 (Groundball, 4, EV 85.6 MPH) Joe Wise to second
|
|
Batting: LHB Mike Handrahan
|
0-0: Ball 1-0: Called Strike 1-1: Ball 2-1: Foul Ball, location: 2F 2-2: Ball 3-2: Base on Balls Joe Wise to third Carlos Vega to second
|
|
Batting: RHB Steve Terres
|
0-0: Ball 1-0: Foul Ball, location: 2F 1-1: Ball 2-1: Swinging Strike 2-2: Ball 3-2: Fly out, F8 (Line Drive, 78S, EV 88.1 MPH) Runner from 3rd tags up, SCORES, throw by CF
|
|
Batting: RHB Alex Arzate
|
0-0: Ball 1-0: Swinging Strike 1-1: Ball 2-1: Foul Ball, location: 2F 2-2: Ball 3-2: Base on Balls Carlos Vega to third Mike Handrahan to second
|
|
Pitching: RHP Mike Mojica
|
|
|
Batting: RHB Chris McCoy
|
0-0: SINGLE (Flyball, 8LS, EV 92.5 MPH) Carlos Vega scores Mike Handrahan to third Alex Arzate to second
|
|
Batting: RHB Terrence Wilson
|
0-0: Foul Ball, location: 2F 0-1: Called Strike 0-2: Strikes out swinging
|
| Bottom of the 6th over - 2 runs, 1 hit, 1 error, 3 left on base; Columbia 2 - Altoona 4 |
| TOP OF THE 7TH |
|
Columbia Fireflies batting - Pitching for Altoona Curve : RHP Fred McIlrath
|
|
Batting: LHB Zane Kelton
|
0-0: Ball 1-0: Ball 2-0: Foul Ball, location: 2F 2-1: Swinging Strike 2-2: Foul Ball, location: 2F 2-2: Strikes out swinging
|
|
Batting: RHB David Reyna
|
0-0: Fly out, F6 (Popup, 56, EV 65.0 MPH)
|
|
Batting: SHB Detlef Oursler
|
0-0: Ball 1-0: Called Strike 1-1: Ball 2-1: Ground out 6-3 (Groundball, 6, EV 102.5 MPH)
|
| Top of the 7th over - 0 runs, 0 hits, 0 errors, 0 left on base; Columbia 2 - Altoona 4 |
| BOTTOM OF THE 7TH |
|
Altoona Curve batting - Pitching for Columbia Fireflies : RHP Mike Mojica
|
|
Batting: LHB Josh Aerni
|
0-0: SINGLE (Line Drive, 89S, EV 105.0 MPH)
|
|
Batting: RHB Brandon White
|
0-0: Called Strike 0-1: Swinging Strike 0-2: Strikes out swinging
|
|
Batting: LHB Joe Wise
|
0-0: Ball 1-0: Fly out, F9 (Line Drive, 9D, EV 93.8 MPH)
|
|
Batting: LHB Carlos Vega
|
0-0: Called Strike 0-1: Ball 1-1: Foul Ball, location: 2F 1-2: Ball Josh Aerni is caught stealing 2nd base 2-6
|
| Bottom of the 7th over - 0 runs, 1 hit, 0 errors, 0 left on base; Columbia 2 - Altoona 4 |
| TOP OF THE 8TH |
|
Columbia Fireflies batting - Pitching for Altoona Curve : RHP Fred McIlrath
|
|
Batting: LHB Jamel Alexander
|
0-0: Foul Ball, location: 2F 0-1: Ball 1-1: Called Strike 1-2: Reached on error, E6 (Groundball, 6, EV 86.9 MPH)
|
|
Batting: LHB Bayesa Mundhir
|
0-0: Ball 1-0: Ball 2-0: Foul Ball, location: 2F 2-1: SINGLE (Groundball, 56D, EV 105.0 MPH) Jamel Alexander to second
|
|
Pitching: LHP Mike Alcaraz
|
|
|
Batting: RHB Masaya Nakamura
|
0-0: 3-RUN HOME RUN (Flyball, 7D, EV 97.5 MPH), Distance : 386 ft
|
|
Batting: LHB Dan Bremseth
|
0-0: Called Strike 0-1: Foul Ball, location: 2F 0-2: Ball 1-2: Ball 2-2: Ball 3-2: Strikes out looking
|
|
Batting: SHB Jason Evans
|
0-0: Ball 1-0: Foul Ball, location: 2F 1-1: Foul Ball, location: 2F 1-2: Foul Ball, location: 2F 1-2: Reached on error, E6 (Groundball, 6, EV 83.8 MPH)
|
|
Batting: SHB Jerry Burrows
|
0-0: Ball 1-0: Ball 2-0: Called Strike 2-1: Called Strike 2-2: Foul Ball, location: 2F 2-2: Foul Ball, location: 2F 2-2: Foul Ball, location: 2F 2-2: Fly out, F9 (Line Drive, 9, EV 95.6 MPH)
|
|
Batting: LHB Zane Kelton
|
0-0: Ball 1-0: Ball 2-0: Called Strike 2-1: Swinging Strike 2-2: Strikes out swinging
|
| Top of the 8th over - 3 runs, 2 hits, 2 errors, 1 left on base; Columbia 5 - Altoona 4 |
| BOTTOM OF THE 8TH |
|
Altoona Curve batting - Pitching for Columbia Fireflies : RHP Mike Mojica
|
|
Batting: LHB Carlos Vega
|
0-0: Foul Ball, location: 2F 0-1: Fly out, F7 (Flyball, 7, EV 78.1 MPH)
|
|
Batting: LHB Mike Handrahan
|
0-0: Called Strike 0-1: Fly out, F8 (Line Drive, 8RM, EV 101.2 MPH)
|
|
Batting: RHB Steve Terres
|
0-0: Ball 1-0: Ball 2-0: Called Strike 2-1: Called Strike 2-2: Fly out, F8 (Flyball, 8LXD, EV 95.0 MPH)
|
| Bottom of the 8th over - 0 runs, 0 hits, 0 errors, 0 left on base; Columbia 5 - Altoona 4 |
| TOP OF THE 9TH |
|
Columbia Fireflies batting - Pitching for Altoona Curve : LHP Mike Alcaraz
|
|
Pitching: RHP Greg Adair
|
|
|
Batting: RHB David Reyna
|
0-0: Swinging Strike 0-1: Ball 1-1: Ball 2-1: Swinging Strike 2-2: Foul Ball, location: 2F 2-2: Foul Ball, location: 2F 2-2: Strikes out swinging
|
|
Batting: SHB Detlef Oursler
|
0-0: Called Strike 0-1: Ball 1-1: Called Strike 1-2: Strikes out swinging
|
|
Batting: LHB Jamel Alexander
|
0-0: Ball 1-0: Foul Ball, location: 2F 1-1: Foul Ball, location: 2F 1-2: Strikes out swinging
|
| Top of the 9th over - 0 runs, 0 hits, 0 errors, 0 left on base; Columbia 5 - Altoona 4 |
| BOTTOM OF THE 9TH |
|
Altoona Curve batting - Pitching for Columbia Fireflies : RHP Mike Mojica
|
|
Pitching: RHP Matt Bennett
|
|
|
Batting: RHB Alex Arzate
|
0-0: Called Strike 0-1: Foul Ball, location: 2F 0-2: Strikes out swinging
|
|
Pinch Hitting: LHB Phil DeCamp
|
0-0: Ground out 4-3 (Groundball, 4, EV 86.9 MPH)
|
|
Pinch Hitting: LHB Rogelio Nunez
|
0-0: Foul Ball, location: 2F 0-1: Ball 1-1: Fly out, F4 (Popup, 4M, EV 68.8 MPH)
|
| Bottom of the 9th over - 0 runs, 0 hits, 0 errors, 0 left on base; Columbia 5 - Altoona 4 |
|